 Dungeon Crawl Stone Soup version 0.30.0-15-g856e2d3f33 (webtiles) character file.

Game seed: 16510324140194170901

772 croobank the Grave Robber (level 7, -2/52 HPs)
             Began as a Pale Draconian Earth Elementalist on May 18, 2023.
             Slain by Edmund
             ... wielding a +3 flail of protection
              (10 damage)
             ... on level 5 of the Dungeon.
             The game lasted 00:16:05 (4935 turns).

croobank the Grave Robber (DrEE)                    Turns: 4935, Time: 00:16:06

Health: -2/52      AC:  8    Str: 10    XL:     7   Next: 53%
Magic:  0/12       EV: 12    Int: 17    God:
Gold:   19         SH:  0    Dex: 12    Spells: 4/13 levels left

rFire   . . .        m - +4 dagger of the Rat {flame, rElec rC- Will++ Stlth+}
rCold   x . .        (no shield)
rNeg    + . .        (body armour unavailable)
rPois   .            (helmet restricted)
rElec   +            (no cloak)
rCorr   .            B - +0 pair of gloves {Stlth+}
SInv    .            z - +0 pair of boots
Will    ++...        (no amulet)
Stlth   ++++         y - ring of positive energy
HPRegen 0.28/turn    (no ring)
MPRegen 0.13/turn

%: no passive effects
@: short of breath, very slightly contaminated
A: breathe steam, AC +6, unfitting armour, cold-blooded, steam resistance
a: Breathe Steam


You were on level 5 of the Dungeon.
You visited 1 branch of the dungeon, and saw 5 of its levels.
You also visited: Sewer.

You collected 184 gold pieces.
You spent 165 gold pieces at shops.

Inventory:

Hand Weapons
 a - a +0 short sword
 b - a +2 sling of flaming
 h - a +1 mace of protection
 m - the +4 dagger of the Rat (weapon) {flame, rElec rC- Will++ Stlth+}
   (You found it on level 2 of the Dungeon)

   rC:        It makes you vulnerable to cold.
   rElec:     It insulates you from electricity.
   Will:      It greatly increases your willpower.
   Stlth:     It makes you more stealthy.
 p - a +1 heavy scimitar
 w - a +1 dagger of venom
Missiles
 j - 7 boomerangs
 v - 5 javelins
Armour
 z - a +0 pair of boots (worn)
 B - a +0 pair of gloves of stealth (worn)
Magical Staves
 l - a staff of fire
Jewellery
 c - an amulet of faith
 y - a ring of positive energy (left hand)
Wands
 n - a wand of polymorph (2)
 r - a wand of flame (33)
 s - a wand of light (4)
 t - a wand of mindburst (14)
 C - a wand of charming (6)
Scrolls
 g - 2 scrolls of teleportation
 k - a scroll of acquirement {unknown}
Potions
 d - a potion of lignification {unknown}
 e - 2 potions of magic
 f - a potion of mutation {unknown}
 i - a potion of heal wounds {unknown}
 o - a potion of attraction {unknown}
 q - 3 potions of curing
 u - a potion of flight {unknown}
 x - a potion of might {unknown}
 A - a potion of cancellation {unknown}


   Skills:
 - Level 1.2 Fighting
 - Level 2.3 Dodging
 - Level 2.3 Stealth
 + Level 3.5 Spellcasting
 - Level 0.6 Conjurations
 - Level 5.9 Necromancy
 - Level 1.6 Transmutations
 + Level 4.4 Earth Magic


You had 4 spell levels left.
You knew the following spells:

 Your Spells              Type           Power      Damage    Failure   Level
a - Sandblast             Erth           36%        2d10      2%          1
b - Stone Arrow           Conj/Erth      22%        3d8       17%         3
c - Borgnjor's Vile Clut  Necr/Erth      10%        N/A       47%         5

Your spell library contained the following spells:

 Spells                   Type           Power      Damage    Failure   Level
 Necrotise                Necr           92%        1d8       1%          1
 Passwall                 Tmut/Erth      10%        N/A       8%          2
 Animate Dead             Necr           23%        N/A       14%         4
 Apportation              Tloc           6%         N/A       17%         1
 Summon Small Mammal      Summ           12%        N/A       17%         1
 Petrify                  Tmut/Erth      13%        N/A       43%         4
 Death Channel            Necr           11%        N/A       91%         6
 Lehudib's Crystal Spear  Conj/Erth      5%         10d3      100%        8
 Animate Armour           Summ/Erth      Unusable   N/A       N/A         4

Dungeon Overview and Level Annotations

Branches:
Dungeon (5/15)              Sewer (visited)
 Temple: D:4-7

Altars:
Dithmenos
Xom

Shops:
D:3 [[[((   D:4 *

Annotations:
D:5 Edmund


Innate Abilities, Weirdness & Mutations

You can breathe blasts of scalding, opaque steam.
Your pale cyan-grey scales are hard. (AC +6)
You cannot fit into any form of body armour.
You are cold-blooded and may be slowed by cold attacks.
You are immune to the effects of steam.


Message History

You hit Edmund but do no damage.
Edmund is moderately wounded.
Edmund hits you with a +3 flail of protection.
You hit Edmund but do no damage.
Edmund is moderately wounded.
Edmund hits you with a +3 flail of protection.
You hit Edmund but do no damage.
Edmund is moderately wounded.
Edmund barely misses you.
You hit Edmund. You burn Edmund. You tail-slap Edmund.
Edmund is heavily wounded.
Edmund hits you with a +3 flail of protection.
You hit Edmund. You burn Edmund.
Edmund is heavily wounded.
Edmund hits you with a +3 flail of protection!
You hit Edmund. You burn Edmund.
Edmund is heavily wounded.
Edmund hits you with a +3 flail of protection!
You barely miss Edmund.
Edmund is heavily wounded.
Edmund hits you with a +3 flail of protection.
Casting: Stone Arrow (dangerous; 17% risk of failure)
Confirm with . or Enter, or press ? or * to list all spells.
Aiming: Sandblast (safe; 2% risk of failure)
Press: ? - help, Shift-Dir - straight line, f/p - Edmund
Aim: Edmund, wielding a +3 flail of protection and wearing a +0 chain mail (heavily wounded, 87% to hit)
The blast of sand hits Edmund but does no damage.
Edmund is heavily wounded.
Edmund hits you but does no damage.
Edmund hits you with a +3 flail of protection!
* * * LOW HITPOINT WARNING * * *
Okay, then.
Aiming: Bolt of Light
Press: ? - help, Shift-Dir - straight line, f/p - Edmund
Aim: Edmund, wielding a +3 flail of protection and wearing a +0 chain mail (heavily wounded, 79% to hit)
The bolt of light hits Edmund.
Edmund is severely wounded.
Edmund is blinded.
Edmund hits you with a +3 flail of protection!
You die...

...# ..# ..#. ..#
#... .. #... #.#.#
.... ..#.#
..##.##.# #@..##.#
#@###.# ##....# ##
#..).## ..#
##....###....
##...........
##............ ..
###.......####..
..####..........##
#................#


You could see Edmund (blind).

Vanquished Creatures
  Grinder (D:4)
  Pargi (Sewer)
  A phantom (D:5)
  2 hounds (D:4)
  An orc priest (D:4)
  Jessica (D:3)
  Ijyb (D:3)
  2 orc wizards (D:4)
  Robin (D:2)
  5 adders
  2 river rats (D:3)
  An ufetubus (D:5)
  2 worms (D:2)
  6 dart slugs
  9 orcs
  5 bats
  6 endoplasms
  4 giant cockroaches
  21 goblins
  15 hobgoblins
  5 jackals
  7 quokkas
  9 ball pythons
  7 kobolds
  6 rats
121 creatures vanquished.

Notes
Turn   | Place    | Note
-------+----------+-------------------------------------------
     0 | D:1      | croobank the Draconian Earth Elementalist began the quest
                  | for the Orb.
     0 | D:1      | Reached XP level 1. HP: 14/14 MP: 3/3
   176 | D:1      | Reached XP level 2. HP: 22/22 MP: 0/5
   802 | D:1      | Reached skill level 1 in Fighting
  1025 | D:1      | Reached XP level 3. HP: 28/28 MP: 4/6
  1029 | D:1      | Learned a level 3 spell: Stone Arrow
  1849 | D:2      | Identified the +4 dagger of the Rat {flame, rElec rC-
                  | Will++ Stlth+}
  1949 | D:2      | Noticed Robin
  2003 | D:2      | Killed Robin
  2004 | D:2      | Reached XP level 4. HP: 19/35 MP: 7/7
  2407 | D:2      | Reached skill level 1 in Necromancy
  2706 | D:3      | Found a shadowy altar of Dithmenos.
  2755 | D:3      | Found Hokadig's Weapon Shoppe.
  2769 | D:3      | Found Haquw's Antique Weapon Shoppe.
  2880 | D:3      | Noticed Ijyb
  2893 | D:3      | Killed Ijyb
  2894 | D:3      | Reached skill level 2 in Necromancy
  3000 | D:3      | Noticed Jessica
  3007 | D:3      | Reached XP level 5. HP: 39/40 MP: 8/8
  3011 | D:3      | Killed Jessica
  3019 | D:3      | Reached skill level 3 in Necromancy
  3160 | D:3      | Found a glowing drain.
  3167 | Sewer    | Entered a sewer
  3204 | Sewer    | Noticed Pargi
  3215 | Sewer    | Killed Pargi
  3216 | Sewer    | Reached skill level 4 in Necromancy
  3216 | Sewer    | Reached XP level 6. HP: 41/47 MP: 9/9
  3407 | D:3      | Found a shimmering altar of Xom.
  3435 | D:3      | Found Araq's Antique Armour Boutique.
  3472 | D:3      | Found Zeibett's Armour Emporium.
  3480 | D:3      | Bought a +0 pair of gloves of stealth for 126 gold pieces
  3578 | D:3      | Found Otiap's Antique Armour Shop.
  3633 | D:4      | Noticed Grinder
  3824 | D:4      | Killed Grinder
  3825 | D:4      | Reached skill level 5 in Necromancy
  3894 | D:4      | Learned a level 5 spell: Borgnjor's Vile Clutch
  4062 | D:4      | Your scales start taking on a pale cyan-grey colour.
  4062 | D:4      | Reached XP level 7. HP: 49/52 MP: 10/10
  4062 | D:4      | Gained mutation: You are immune to the effects of steam.
                  | [Pale Draconian growth]
  4676 | D:4      | Found Ixaesous's General Store.
  4685 | D:4      | Bought a potion of curing for 39 gold pieces
  4776 | D:5      | Entered Level 5 of the Dungeon
  4901 | D:5      | Noticed Edmund
  4935 | D:5      | Slain by Edmund

Illustrated notes

Levels and vault maps discovered:
D:1:      lightli_arrival_isolated_outpost, layout_loops_ring, st_stairs_10
D:2:      layout_loops_corners, dk_noncrumbling_4, uniq_robin
D:3:      layout_basic, mainiacjoe_overflow_surrounded_room,
          nicolae_dithmenos_through_a_glass_darkly, serial_shops, shop, shop,
          nicolae_shop_real_fake_doors, nicolae_shop_crystal,
          nicolae_shop_scrapyard, portal_sewer_entry_e, uniq_jessica, uniq_ijyb
D:4:      minmay_chambers_of_threes, layout_loops_cross, serial_shops, shop,
          due_unseen_surprise, uniq_grinder, uniq_pargi
D:5:      layout_layer_cave, gammafunk_temple_overflow_pools,
          minmay_misc_feat_chi, uniq_edmund, uniq_duvessa

Skill      XL: |  1  2  3  4  5  6  7 |
---------------+----------------------+-----
Dodging        | 2 |  2.3
Stealth        | 2 |  2.3
Fighting       | 1 |  1.2
Necromancy     | 2 4 5 |  5.9
Spellcasting   | 3 |  3.5
Earth Magic    | 4 |  4.4
Conjurations   | |  0.6
Transmutations | |  1.6

Action                     |  1- 3 |  4- 6 |  7- 9 || total
---------------------------+-------+-------+-------++-------
  Melee: Unarmed           |     2 |       |       ||     2
         Dagger            |    23 |   143 |    62 ||   228
         Tailslap          |     2 |    14 |     6 ||    22
         Punch             |       |     2 |       ||     2
   Cast: Sandblast         |    60 |       |     1 ||    61
         Stone Arrow       |     1 |     7 |     3 ||    11
Ability: Breathe Steam     |       |       |     5 ||     5
  Evoke: Wand              |       |     1 |     1 ||     2
    Use: Scroll            |       |     6 |     3 ||     9
         Potion            |       |       |     1 ||     1
   Stab: Sleeping          |       |    14 |     2 ||    16
 Armour: Skin              |     7 |    53 |    20 ||    80
  Dodge: Dodged            |    23 |   100 |    39 ||   162
